 Dungeon Crawl Stone Soup version 0.23.1 (webtiles) character file.

Game seed: 4735708445113975846

581 Malachi the Chopper (level 7, -4/53 HPs)
             Began as a Demonspawn Fighter on Mar 13, 2019.
             Slain by Menkaure (13 damage)
             ... on level 4 of the Dungeon.
             The game lasted 00:07:45 (4135 turns).

Malachi the Chopper (Demonspawn Fighter)            Turns: 4135, Time: 00:07:45

Health: -4/53      AC: 17    Str: 24    XL:     7   Next: 14%
Magic:  7/7        EV:  6    Int:  9    God:
Gold:   276        SH: 10    Dex: 12    Spells: 6/6 levels left

rFire    . . .     SeeInvis .   a - +0 war axe
rCold    . . .     Gourm    .   c - +0 shield
rNeg     . . .     Faith    .   l - +0 chain mail
rPois    .         Spirit   .   (helmet restricted)
rElec    .         Reflect  .   (no cloak)
rCorr    .         Harm     .   j - +1 pair of gloves
MR       .....                  (no boots)
Stlth    +.........             (no amulet)
HPRegen  0.17/turn              (no ring)
MPRegen  0.10/turn              (no ring)

@: mighty, sanguine armour, studying Evocations
A: horns 1, nightstalker 2, MP-powered wands, sanguine armour 1
a: no special abilities


You were on level 4 of the Dungeon.
You were hungry.

You visited 1 branch of the dungeon, and saw 5 of its levels.

You collected 276 gold pieces.

Inventory:

Hand Weapons
 a - a +0 war axe (weapon)
 e - a +1 dagger of venom
Armour
 c - a +0 shield (worn)
 j - a +1 pair of gloves (worn)
 l - a +0 chain mail (worn)
 m - a +0 helmet
Jewellery
 k - an uncursed ring of stealth
 s - an uncursed amulet of rage {unknown}
Scrolls
 g - a scroll of noise {unknown}
 n - a scroll of immolation {unknown}
 o - a scroll of fog {unknown}
 q - 2 scrolls of fear {unknown}
 r - a scroll of magic mapping
 t - a scroll of teleportation {unknown}
 w - a scroll of identify {unknown}
Potions
 i - 2 potions of lignification
 p - a potion of curing
Books
 u - a manual of Evocations
Comestibles
 f - 11 rations


   Skills:
 + Level 3.7 Fighting
 + Level 1.1 Short Blades
 + Level 4.6 Axes
 + Level 3.6 Armour
 + Level 1.0 Dodging
 * Level 1.4 Stealth
 + Level 4.3 Shields


You had 6 spell levels left.
You didn't know any spells.
Your spell library contained the following spells:

 Spells                   Type           Power        Failure   Level  Hunger
 Beastly Appendage        Tmut           #.....       100%        1    ##.....
 Sticks to Snakes         Tmut           #.......     100%        2    ###....
 Spider Form              Tmut/Pois      #.........   100%        3    ####...
 Ice Form                 Ice/Tmut       #.......     100%        4    #####..
 Blade Hands              Tmut           #.........   100%        5    ######.


Dungeon Overview and Level Annotations

Branches:
Dungeon (5/15)
 Temple: D:4-7

Altars:
Dithmenos
Makhleb
Ru
Sif Muna
Uskayaw
Vehumet

Annotations:
D:4 exclusion: statue, Menkaure


Innate Abilities, Weirdness & Mutations

You are significantly more attuned to the shadows.
When seriously injured, your bleeding wounds create armour. (AC +6)
You have a pair of small horns on your head.
You expend magic power (3 MP) to strengthen your wands.


Message History

It was a potion of mutation.
You feel extremely strange.
You feel your magical essence link to your wands.
A pair of horns grows on your head!
Your +0 helmet falls away!
You block Menkaure's attack.
Okay, then.
That item cannot be evoked!
Okay, then.
As you read the scroll labeled ITUERA ZAINWEI, it crumbles to dust.
It is a scroll of enchant armour.
Your +0 pair of gloves glows green for a moment.
You block Menkaure's attack. Menkaure hits you.
* * * LOW HITPOINT WARNING * * *
You block Menkaure's attack.
You climb upwards.
Level annotation: exclusion: statue
There is a stone staircase leading down here.
Unknown command.
You feel very mighty all of a sudden. Menkaure hits you!
You die...

######.# #..................##
#.# #........####.......#
####.#####.##.##..# ##.....###
#........#........# ##.#.....
#.##.###.#.##.###.# ###.####
#.##..##.#.##.###.# #.#
#######.##.#........# ##+##
...#.......#.##.###.# ##...##
##.####.####....@M..# ##....<##
⌠#.#.##.# ####.##.## ##.......#
.#.#..#.#######.#...####.........
##.#.............?.....'.........
...#.....#####......####.........
##.#.#...# #.#.#.## ##.......#
.#.#####.## #...### ##.....##
.#.# #..#####.#### ##...### '#.#
##..........##### ##'## #


You could see Menkaure.

Vanquished Creatures
  3 centaurs
  A scorpion (D:3)
  A howler monkey (D:4)
  A crimson imp (D:4)
  An orc priest (D:4)
  An iguana (D:4)
  Robin (D:2)
  5 gnolls
  An adder (D:3)
  An ooze (D:1)
  2 worms (D:3)
  3 dart slugs (D:1)
  A leopard gecko (D:5)
  8 orcs
  7 giant cockroaches
  8 goblins
  8 hobgoblins
  7 jackals (D:1)
  11 kobolds
  A quokka (D:3)
  A ball python (D:4)
  5 bats
  6 frilled lizards
  7 rats
91 creatures vanquished.

Notes
Turn   | Place    | Note
-------+----------+-------------------------------------------
     0 | D:1      | Malachi the Demonspawn Fighter began the quest for the Orb.
     0 | D:1      | Reached XP level 1. HP: 18/18 MP: 1/1
   187 | D:1      | Gained mutation: When seriously injured, your bleeding
                  | wounds create armour. (AC +6) [demonic ancestry]
   187 | D:1      | Reached XP level 2. HP: 24/24 MP: 2/2
   431 | D:1      | Reached XP level 3. HP: 27/29 MP: 3/3
   853 | D:2      | Found a shadowy altar of Dithmenos.
   966 | D:2      | Reached XP level 4. HP: 34/35 MP: 4/4
  1080 | D:2      | Found a deep blue altar of Sif Muna.
  1080 | D:2      | Found a hide-covered altar of Uskayaw.
  1228 | D:2      | Noticed Robin
  1237 | D:2      | Killed Robin
  1793 | D:3      | Found a sacrificial altar of Ru.
  1852 | D:3      | Noticed a centaur
  1875 | D:3      | HP: 2/52 [centaur (5)]
  1877 | D:3      | Killed a centaur
  1877 | D:3      | Gained mutation: You are slightly more attuned to the
                  | shadows. [demonic ancestry]
  1877 | D:3      | Reached XP level 5. HP: 3/41 MP: 5/5
  2902 | D:4      | Gained mutation: You are significantly more attuned to the
                  | shadows. [demonic ancestry]
  2902 | D:4      | Reached XP level 6. HP: 43/47 MP: 6/6
  3224 | D:4      | Reached skill level 1 in Dodging
  3231 | D:4      | Reached skill level 1 in Stealth
  3521 | D:4      | Found a burning altar of Makhleb.
  3589 | D:4      | Reached XP level 7. HP: 44/53 MP: 7/7
  3603 | D:4      | Reached skill level 1 in Short Blades
  3801 | D:4      | Found a radiant altar of Vehumet.
  4120 | D:5      | Entered Level 5 of the Dungeon
  4120 | D:5      | Noticed Menkaure
  4131 | D:5      | Gained mutation: You expend magic power (3 MP) to
                  | strengthen your wands. [potion of mutation]
  4131 | D:5      | Gained mutation: You have a pair of small horns on your
                  | head. [potion of mutation]
  4135 | D:4      | Slain by Menkaure

Skill      XL: |  1  2  3  4  5  6  7 |
---------------+----------------------+-----
Shields        | 3 4 |  4.3
Axes           | 2 3 4 |  4.6
Armour         | 3 |  3.6
Dodging        | 1 |  1.0
Stealth        | 1 |  1.4
Short Blades   | 1 |  1.1
Fighting       | |  3.7

Action                   |  1- 3 |  4- 6 |  7- 9 || total
-------------------------+-------+-------+-------++-------
Melee: War axe           |   132 |   120 |     2 ||   254
       Dagger            |       |    41 |    50 ||    91
  Use: Scroll            |     2 |       |     1 ||     3
       Potion            |       |     3 |     2 ||     5
  Eat: Chunk             |       |     9 |     1 ||    10
Armor: Scale mail        |    27 |       |       ||    27
       Chain mail        |    40 |    95 |    13 ||   148
       Skin              |       |    19 |       ||    19
Dodge: Dodged            |    33 |    26 |     4 ||    63
Block: Shield            |    67 |   110 |    21 ||   198
